[Event "Titled Tuesday Blitz January 18 2022"]
[White "Panesar Vedant"]
[Black "Sadovsky, Artem"]
[WhiteFideId "35033018"]
[BlackFideId "4155840"]
[WhiteElo "1971"]
[BlackElo "2369"]
[Result "1-0"]
[Round "09"]
[TimeControl "180+1"]
[Date "2022.01.18"]
[WhiteClock "0:00:30"]
[BlackClock "0:01:20"]

1. d4 g6 2. Nf3 Bg7 3. Bg5 c5 4. c3 Nf6 5. dxc5 O-O 6. Nbd2 a5 7. a4 Na6 8. Bxf6 Bxf6 9. Ne4 Bg7 10. Qd5 Qc7 11. e3 Rb8 12. Bb5 b6 13. c6 d6 14. O-O Be6 15. Qd2 Nc5 16. Nxc5 dxc5 17. Ng5 Bb3 18. Qd7 Qxd7 19. cxd7 f6 20. Ne4 Rfd8 21. f3 Be6 22. Rfd1 Rb7 23. Rd2 h6 24. Kf2 f5 25. Ng3 Be5 26. Rad1 Bd6 27. e4 f4 28. Ne2 g5 29. Nc1 Kf7 30. Nd3 Kf6 31. Re1 Be5 32. Nxe5 Kxe5 33. Red1 Bb3 34. Re1 Rbb8 35. Rh1 Rg8 36. c4 Rbd8 37. Rd3 Bc2 38. Rc3 Bxe4 39. Re1 1-0


[Site "https://www.chess.com"]

[Event "Titled Tuesday Blitz January 18 2022"]
[White "Perez Gormaz, Matias"]
[Black "Klenburg, Michael"]
[WhiteFideId "3406342"]
[BlackFideId "14102072"]
[WhiteElo "2352"]
[BlackElo "2359"]
[Result "1-0"]
[Round "09"]
[TimeControl "180+1"]
[Date "2022.01.18"]
[WhiteClock "0:00:05"]
[BlackClock "0:00:02"]

1. e4 d6 2. d4 Nf6 3. Nc3 g6 4. Bf4 c6 5. Nf3 Bg7 6. Qd2 O-O 7. Bh6 Bg4 8. Be2 Bxf3 9. Bxf3 e5 10. Be3 Nbd7 11. a4 Qe7 12. O-O Rfe8 13. Rfe1 Nf8 14. a5 N6d7 15. d5 c5 16. a6 b6 17. Nb5 Rec8 18. Bg4 h5 19. Bh3 Nh7 20. g3 Bf6 21. c3 Rf8 22. b3 Ng5 23. Bg2 Nh7 24. Rad1 Bg5 25. f4 Bf6 26. Bh3 Kh8 27. Rf1 Bg7 28. f5 Ndf6 29. fxg6 fxg6 30. Qc2 Ng4 31. Bxg4 hxg4 32. Qe2 Qd7 33. c4 Bf6 34. Qd2 Bg7 35. Kg2 Qe7 36. Rde1 Bf6 37. Qd1 Qd7 38. Bh6 Bg7 39. Be3 Bf6 40. Qd2 Qe7 41. Re2 Bg5 42. Bxg5 Nxg5 43. Nxd6 Rxf1 44. Kxf1 Rf8+ 45. Rf2 Rf3 46. Rxf3 gxf3 47. Qxg5 Qxd6 48. Qg4 Kg7 49. Qc8 Kh6 50. Qh3+ Kg7 51. Qg4 Qf6 52. Kf2 b5 53. cxb5 Qb6 54. Qd7+ Kh6 55. Qh3+ 1-0


[Site "https://www.chess.com"]

[Event "Titled Tuesday Blitz January 18 2022"]
[White "Petrovskyi, Vadym"]
[Black "Demchenko, Anton"]
[WhiteFideId "14165210"]
[BlackFideId "4160258"]
[WhiteElo "2424"]
[BlackElo "2539"]
[Result "1-0"]
[Round "09"]
[TimeControl "180+1"]
[Date "2022.01.18"]
[WhiteClock "0:00:11"]
[BlackClock "0:00:01"]

1. e4 e5 2. Nf3 Nc6 3. d4 exd4 4. Bc4 Nf6 5. e5 Ne4 6. Qe2 Nc5 7. c3 d3 8. Qe3 a5 9. O-O Be7 10. Nbd2 O-O 11. Ne4 d5 12. exd6 cxd6 13. Nxc5 dxc5 14. Bxd3 Re8 15. Rd1 Qc7 16. Ng5 g6 17. Nxf7 Kxf7 18. Qh6 Kg8 19. Bxg6 Bf8 20. Qh5 hxg6 21. Qxg6+ Qg7 22. Qxe8 Bh3 23. Qe4 Re8 24. Qd5+ Be6 25. Qd3 Ne5 26. Qg3 Qxg3 27. hxg3 c4 28. Be3 Nd3 29. b3 b5 30. bxc4 Bxc4 31. Rd2 Bg7 32. Rad1 Ne5 33. Bd4 Nc6 34. Bxg7 Kxg7 35. Rd7+ Kf8 36. R1d6 Ne5 37. Ra7 a4 38. f3 Nf7 39. Rdd7 Re1+ 40. Kh2 Re2 41. a3 Rc2 42. Rac7 Rxc3 43. Rxf7+ Ke8 44. Rh7 Kd8 45. Ra7 Rxf3 46. Ra8# 1-0


[Site "https://www.chess.com"]

[Event "Titled Tuesday Blitz January 18 2022"]
[White "Piesik, Piotr"]
[Black "Zotova, Anastasia"]
[WhiteFideId "1136194"]
[BlackFideId "34124907"]
[WhiteElo "2232"]
[BlackElo "1860"]
[Result "1-0"]
[Round "09"]
[TimeControl "180+1"]
[Date "2022.01.18"]
[WhiteClock "0:00:51"]
[BlackClock "0:00:02"]

1. Nf3 c6 2. g3 g6 3. Bg2 Bg7 4. O-O d5 5. d3 Nd7 6. Nbd2 e5 7. e4 Ne7 8. Qe2 O-O 9. Nb3 Re8 10. a4 Nf8 11. a5 Bg4 12. h3 Bxf3 13. Bxf3 Ne6 14. Be3 f5 15. Nc5 Qc8 16. Nxe6 Qxe6 17. Bc5 d4 18. exf5 gxf5 19. Bxd4 Ng6 20. Bc3 f4 21. Bg4 Qf6 22. Rae1 Qg5 23. Kh2 Rad8 24. Bh5 Rf8 25. Qg4 Qxg4 26. Bxg4 Kh8 27. Kg2 Rd5 28. Re4 fxg3 29. fxg3 Rxf1 30. Kxf1 Ne7 31. Be6 Rd6 32. Bxe5 Bxe5 33. Rxe5 Ng6 34. Re4 b6 35. axb6 axb6 36. h4 Kg7 37. Kg2 Kf6 38. Bb3 Ne5 39. g4 h6 40. Kg3 c5 41. Rf4+ Kg7 42. Rf5 Nc6 43. Rf7+ Kh8 44. g5 hxg5 45. hxg5 Nd4 46. Rf6 Rxf6 47. gxf6 Kh7 48. Kf4 Kg6 49. Ke5 b5 50. f7 Kg7 51. Kd6 c4 52. dxc4 bxc4 53. Bxc4 Nxc2 54. Ke7 1-0


[Site "https://www.chess.com"]

[Event "Titled Tuesday Blitz January 18 2022"]
[White "Pinto, Daniel"]
[Black "Koziorowicz, Michal"]
[WhiteFideId "3303144"]
[BlackFideId "21809194"]
[WhiteElo "1938"]
[BlackElo "2166"]
[Result "0-1"]
[Round "09"]
[TimeControl "180+1"]
[Date "2022.01.18"]
[WhiteClock "0:00:08"]
[BlackClock "0:01:19"]

1. e4 c5 2. Nf3 d6 3. c3 Nf6 4. Be2 Bd7 5. d3 Bc6 6. O-O g6 7. Re1 Bg7 8. Nbd2 O-O 9. Nf1 Nbd7 10. Ng3 b5 11. h3 a5 12. Be3 b4 13. Qb1 Rb8 14. Qc2 Qc7 15. d4 bxc3 16. bxc3 cxd4 17. cxd4 Rfc8 18. d5 Ba8 19. Qxc7 Rxc7 20. Rac1 Rbc8 21. Rxc7 Rxc7 22. Nd4 Nc5 23. f3 Nfd7 24. Bb5 e6 25. dxe6 Nxe6 26. Nb3 Ndc5 27. Nxa5 Bc3 28. Rb1 Bxa5 29. Bc4 Rb7 30. Rd1 Bc7 31. e5 dxe5 32. Bd5 Rb8 33. Bxe6 Nxe6 34. Kh2 e4 35. fxe4 Bxe4 36. Rc1 Rb2 37. Rxc7 Rxg2+ 38. Kh1 Rxg3+ 39. Kh2 Rg2+ 40. Kh1 Nxc7 0-1


[Site "https://www.chess.com"]

[Event "Titled Tuesday Blitz January 18 2022"]
[White "Pranav, V"]
[Black "Erdogdu, Mert"]
[WhiteFideId "25060783"]
[BlackFideId "6301495"]
[WhiteElo "2349"]
[BlackElo "2485"]
[Result "1-0"]
[Round "09"]
[TimeControl "180+1"]
[Date "2022.01.18"]
[WhiteClock "0:00:07"]
[BlackClock "0:00:11"]

1. e4 c5 2. Nf3 d6 3. Bb5+ Nc6 4. O-O Bd7 5. c3 Nf6 6. Re1 a6 7. Bf1 Bg4 8. d3 e6 9. Nbd2 Be7 10. h3 Bh5 11. g4 Bg6 12. Nh4 d5 13. Nxg6 hxg6 14. e5 Nd7 15. Nf3 Rc8 16. a3 Qc7 17. d4 c4 18. Bf4 b5 19. Bg3 a5 20. h4 Qb7 21. Be2 Nb6 22. Kg2 b4 23. axb4 axb4 24. Rh1 Kd7 25. Qd2 Ra8 26. Rxa8 Qxa8 27. h5 gxh5 28. gxh5 Qa2 29. Bf4 Na4 30. Bd1 b3 31. Ng5 Nd8 32. Bg4 Qxb2 33. Qd1 Nxc3 34. Qf3 Qc2 35. Rc1 Qe2 36. Qg3 Ne4 37. Bxe2 Nxg3 38. Kxg3 Nc6 39. Nf3 Ra8 40. Nd2 Nxd4 41. Bxc4 dxc4 42. Rxc4 Nf5+ 43. Kf3 Rb8 44. Nb1 b2 45. Rc3 Ke8 46. Rd3 Rc8 47. Rd1 Rc2 48. Bd2 Bc5 49. Ke2 Rc4 50. Kd3 Rh4 51. Bc3 Bd4 52. Kc2 Bxc3 53. Nxc3 Rxh5 54. Kxb2 Ne7 55. Nb5 Rxe5 56. Nc7+ Kf8 57. Rd8# 1-0


[Site "https://www.chess.com"]

[Event "Titled Tuesday Blitz January 18 2022"]
[White "Prohorov, Olexandr"]
[Black "Gontcharov, Vladislav"]
[WhiteFideId "14105578"]
[BlackFideId "4123492"]
[WhiteElo "1993"]
[BlackElo "2503"]
[Result "0-1"]
[Round "09"]
[TimeControl "180+1"]
[Date "2022.01.18"]
[WhiteClock "0:00:09"]
[BlackClock "0:00:59"]

1. e4 e6 2. Qe2 c5 3. g3 Nc6 4. Bg2 g6 5. Nf3 Bg7 6. O-O Nge7 7. c3 O-O 8. Rd1 e5 9. Na3 d5 10. exd5 Nxd5 11. d3 Re8 12. Nc4 h6 13. a4 b6 14. Ne3 Be6 15. Bd2 Qc7 16. Nxd5 Bxd5 17. Nh4 Bxg2 18. Nxg2 Rad8 19. Ne3 Nd4 20. cxd4 exd4 21. Nd5 Qd7 22. Qf3 Qxd5 23. Qxd5 Rxd5 24. Kf1 f5 25. a5 b5 26. a6 Kf7 27. Ra5 Rb8 28. Bf4 Be5 29. Bxh6 Ke6 30. Bf4 c4 31. Bxe5 Kxe5 32. f4+ Kd6 33. Ke2 Re8+ 34. Kd2 Re3 35. dxc4 bxc4 36. Ra4 Rc5 37. Rb4 Rb3 38. Ke1 Rxb4 0-1


[Site "https://www.chess.com"]

[Event "Titled Tuesday Blitz January 18 2022"]
[White "Reprintsev, Alexander"]
[Black "Aloma Vidal, Robert"]
[WhiteFideId "14100541"]
[BlackFideId "2260409"]
[WhiteElo "2126"]
[BlackElo "2435"]
[Result "0-1"]
[Round "09"]
[TimeControl "180+1"]
[Date "2022.01.18"]
[WhiteClock "0:00:13"]
[BlackClock "0:00:22"]

1. e4 e5 2. Nf3 Nf6 3. Bc4 Nxe4 4. Nc3 Nd6 5. Bb3 e4 6. Qe2 Be7 7. Nxe4 O-O 8. d3 Nc6 9. Bf4 Nf5 10. c3 d5 11. Ng3 Re8 12. O-O-O Bf6 13. Qd2 a5 14. Rde1 Rxe1+ 15. Rxe1 Nxg3 16. hxg3 Be6 17. a4 b5 18. axb5 a4 19. Ba2 Na7 20. c4 c6 21. Be5 cxb5 22. Bxf6 Qxf6 23. cxd5 Bf5 24. Re3 h6 25. Kd1 Nc8 26. Qc3 Qd8 27. Nd4 Nd6 28. Nc6 Bg4+ 29. f3 Qg5 30. Qe5 Bf5 31. g4 Re8 32. Ne7+ Kf8 33. gxf5 Rxe7 34. Qxe7+ Qxe7 35. Rxe7 Kxe7 36. g4 Kf6 37. f4 h5 38. gxh5 Kxf5 39. Kd2 Kxf4 40. Kc3 Ke3 41. Kb4 Kd4 42. Ka5 f5 43. Kb6 f4 44. Kc7 f3 45. Kxd6 f2 46. Kc7 f1=Q 47. d6 Qf4 48. Kc6 Qf6 49. Kc7 Qe5 50. Kc6 Qc5+ 51. Kd7 Ke5 52. d4+ Qxd4 0-1


[Site "https://www.chess.com"]

[Event "Titled Tuesday Blitz January 18 2022"]
[White "Rodchenkov, Sergey D."]
[Black "Lauridsen, Jesper Morch"]
[WhiteFideId "4168712"]
[BlackFideId "1401890"]
[WhiteElo "2306"]
[BlackElo "2210"]
[Result "0-1"]
[Round "09"]
[TimeControl "180+1"]
[Date "2022.01.18"]
[WhiteClock "0:00:04"]
[BlackClock "0:00:44"]

1. e4 c5 2. Nf3 d6 3. d4 cxd4 4. Nxd4 Nf6 5. Nc3 g6 6. Be3 Bg7 7. f3 O-O 8. Qd2 Nc6 9. O-O-O Bd7 10. h4 Rc8 11. h5 Nxh5 12. g4 Nf6 13. Nxc6 Rxc6 14. Bh6 Rxc3 15. Bxg7 Rxc2+ 16. Qxc2 Kxg7 17. Kb1 Qa5 18. Qd3 Rc8 19. Be2 Be6 20. a3 b5 21. g5 Nh5 22. Qd4+ Kg8 23. Qe3 b4 24. f4 bxa3 25. Bxh5 axb2 26. Kxb2 Qa2# 0-1


[Site "https://www.chess.com"]

[Event "Titled Tuesday Blitz January 18 2022"]
[White "Ruiz Aguilar, Pablo Alexander"]
[Black "Kim, Sergey"]
[WhiteFideId "4401352"]
[BlackFideId "13700570"]
[WhiteElo "2125"]
[BlackElo "2584"]
[Result "0-1"]
[Round "09"]
[TimeControl "180+1"]
[Date "2022.01.18"]
[WhiteClock "0:00:01"]
[BlackClock "0:01:02"]

1. e4 e5 2. Nf3 Nc6 3. Bb5 a6 4. Ba4 Nf6 5. d3 b5 6. Bb3 Bc5 7. O-O d6 8. c3 h6 9. a4 Rb8 10. axb5 axb5 11. Re1 O-O 12. d4 Bb6 13. h3 Re8 14. Na3 exd4 15. cxd4 Na5 16. Nxb5 Nxb3 17. Qxb3 Nxe4 18. Qc2 Bb7 19. Nc3 Nf6 20. Rxe8+ Qxe8 21. Be3 Bxf3 22. gxf3 Qe6 23. Kg2 Nd5 24. Nxd5 Qxd5 25. Rd1 Re8 26. b3 Re6 27. Rg1 Rg6+ 28. Kf1 Rxg1+ 29. Kxg1 Qxf3 30. Qc4 Qxh3 31. Qc6 Qg4+ 32. Kf1 Qd1+ 33. Kg2 Qxb3 34. Qe8+ Kh7 35. Qe4+ g6 36. Qe7 Qe6 37. Qf8 g5 38. Qb8 Qd5+ 39. Kg1 Bxd4 40. Bxd4 Qxd4 41. Qxc7 Qd5 42. Qe7 Qe6 43. Qc7 d5 44. Qc2+ Kg7 45. Qc5 Qe1+ 46. Kg2 Qe4+ 47. Kg1 d4 48. Qc4 Qe5 49. Qd3 Qf6 50. Qe4 h5 51. Qd5 Qf4 52. Kg2 h4 53. Kg1 h3 54. Qc6 Qg4+ 55. Kf1 Qg2+ 0-1


[Site "https://www.chess.com"]

[Event "Titled Tuesday Blitz January 18 2022"]
[White "Rustemov, Alexander"]
[Black "Papasimakopoulos, Alexandros"]
[WhiteFideId "4119002"]
[BlackFideId "4244125"]
[WhiteElo "2877"]
[BlackElo "2340"]
[Result "1-0"]
[Round "09"]
[TimeControl "180+1"]
[Date "2022.01.18"]
[WhiteClock "0:00:41"]
[BlackClock "0:00:04"]

1. d4 f5 2. g3 Nf6 3. Bg2 g6 4. Nf3 Bg7 5. O-O O-O 6. b3 Ne4 7. Bb2 c5 8. c4 Nc6 9. e3 e6 10. Nc3 d5 11. cxd5 exd5 12. Rc1 cxd4 13. Nxd4 Nxd4 14. exd4 Be6 15. Ne2 Bf7 16. Nf4 Rc8 17. Nd3 Rxc1 18. Qxc1 Qa5 19. a3 Be6 20. Nc5 Bf7 21. b4 Qc7 22. Nxe4 Qxc1 23. Nf6+ Bxf6 24. Rxc1 Re8 25. Bf3 Re7 26. Kf1 Rd7 27. h4 Bd8 28. Rc8 Kg7 29. Bc1 Bf6 30. Be3 h6 31. Ke2 g5 32. hxg5 hxg5 33. Kd3 Bg6 34. Kc3 Bf7 35. a4 Bd8 36. a5 Kf6 37. Kd3 a6 38. Bd2 Bg6 39. Ke2 Bf7 40. Kd1 Be6 41. Be2 Rd6 42. Rb8 Rd7 43. b5 axb5 44. Bxb5 Rd6 45. Bb4 Bc7 46. Bxd6 Bxd6 47. Rxb7 f4 48. gxf4 Bxf4 49. a6 Bg4+ 50. Be2 Bc8 51. Rb6+ 1-0


[Site "https://www.chess.com"]

[Event "Titled Tuesday Blitz January 18 2022"]
[White "Sarana, Alexey"]
[Black "Timofeev, Artyom"]
[WhiteFideId "24133795"]
[BlackFideId "4140419"]
[WhiteElo "2665"]
[BlackElo "2583"]
[Result "1-0"]
[Round "09"]
[TimeControl "180+1"]
[Date "2022.01.18"]
[WhiteClock "0:00:21"]
[BlackClock "0:00:01"]

1. d4 d5 2. Nf3 Nf6 3. g3 b5 4. a4 b4 5. Bg2 Bb7 6. O-O e6 7. c4 bxc3 8. bxc3 Nbd7 9. Ba3 Bd6 10. Nbd2 O-O 11. c4 Bxa3 12. Rxa3 c5 13. cxd5 Bxd5 14. Re1 cxd4 15. Nxd4 Bxg2 16. Kxg2 Ne5 17. N2f3 Nxf3 18. Nxf3 Qe7 19. Rc3 h6 20. Qc2 Rfd8 21. Rc1 Nd5 22. Rc5 a5 23. Ne5 Nb4 24. Qe4 Qd6 25. Rc7 Qd5 26. Qxd5 Rxd5 27. f4 Rf8 28. Ra7 Rd2 29. Kf3 Ra2 30. Rxa5 f6 31. Ng6 Rd8 32. Rc7 Ra3+ 33. Kf2 Kh7 34. f5 exf5 35. Nf4 Ra2 36. Raa7 Rg8 37. Ne6 Nd3+ 38. Ke3 Ne5 39. Rxg7+ Rxg7 40. Rxg7+ Kh8 41. Ra7 Ng4+ 42. Kf4 Rxe2 43. Kxf5 h5 44. Kg6 Ne5+ 45. Kxf6 Ng4+ 46. Kf7 Nh6+ 47. Ke7 Ng4 48. h3 1-0


[Site "https://www.chess.com"]

[Event "Titled Tuesday Blitz January 18 2022"]
[White "Sargsyan, Anna M."]
[Black "Kopylov, Michael"]
[WhiteFideId "13308130"]
[BlackFideId "14105080"]
[WhiteElo "2271"]
[BlackElo "2385"]
[Result "0-1"]
[Round "09"]
[TimeControl "180+1"]
[Date "2022.01.18"]
[WhiteClock "0:00:05"]
[BlackClock "0:00:16"]

1. d4 Nf6 2. c4 c5 3. Nf3 cxd4 4. Nxd4 e6 5. g3 d5 6. Bg2 e5 7. Nc2 d4 8. O-O Nc6 9. a3 a5 10. b3 Bc5 11. Bb2 O-O 12. Nd2 Bf5 13. Qc1 e4 14. Rd1 Qb6 15. Ne1 Rfe8 16. h3 h6 17. Kh2 Rad8 18. f4 d3 19. exd3 exd3 20. Bxf6 gxf6 21. Nef3 Re2 22. Qc3 Nd4 23. Rab1 Nc2 24. Nh4 Bh7 25. b4 axb4 26. axb4 Bd4 27. Qb3 Ne3 28. c5 Qc6 29. Rg1 Rxd2 30. b5 Qd5 31. Qxd5 Rxd5 32. c6 bxc6 33. bxc6 Rc5 34. Rgc1 Rxc1 35. Rxc1 Nxg2 36. c7 Nxf4+ 37. Kh1 Be4+ 38. Nf3 Bxf3# 0-1


[Site "https://www.chess.com"]

[Event "Titled Tuesday Blitz January 18 2022"]
[White "Savchenko, Boris"]
[Black "Evdokimov, Alexander A."]
[WhiteFideId "4147332"]
[BlackFideId "4139275"]
[WhiteElo "2512"]
[BlackElo "2444"]
[Result "1-0"]
[Round "09"]
[TimeControl "180+1"]
[Date "2022.01.18"]
[WhiteClock "0:00:13"]
[BlackClock "0:00:08"]

1. d4 g6 2. c4 Bg7 3. Nc3 Nf6 4. Nf3 O-O 5. e4 d6 6. Be2 e5 7. d5 a5 8. O-O Na6 9. Be3 h6 10. Nd2 Ne8 11. a3 f5 12. f3 Bd7 13. Qc2 Nf6 14. b3 f4 15. Bf2 g5 16. Rfb1 g4 17. fxg4 Nxg4 18. Bxg4 Bxg4 19. Nf3 Qe8 20. Qe2 Nc5 21. h3 Bh5 22. Kh2 Kh8 23. Nb5 Qf7 24. b4 axb4 25. axb4 Na6 26. c5 Rad8 27. Nc3 Ra8 28. c6 Rae8 29. cxb7 Nb8 30. b5 Rg8 31. Ra8 Bf6 32. Ba7 Nd7 33. Rxe8 Qxe8 34. Qf2 Qg6 35. b6 cxb6 36. Nb5 Be7 37. Rc1 Bd8 38. Rc8 Nf6 39. Nxd6 Nxd5 40. exd5 Qxd6 41. b8=Q Qxd5 42. Qxe5+ Qxe5 43. Nxe5 1-0


[Site "https://www.chess.com"]

[Event "Titled Tuesday Blitz January 18 2022"]
[White "Sebag, Marie"]
[Black "Remizov, Yaroslav"]
[WhiteFideId "617822"]
[BlackFideId "34134015"]
[WhiteElo "2482"]
[BlackElo "2360"]
[Result "0-1"]
[Round "09"]
[TimeControl "180+1"]
[Date "2022.01.18"]
[WhiteClock "0:00:13"]
[BlackClock "0:01:07"]

1. d4 e6 2. Bf4 a6 3. Nf3 d6 4. e3 b6 5. Be2 c6 6. O-O Ra7 7. h3 f6 8. c4 g5 9. Bg3 h5 10. Qc2 Rg7 11. h4 Nh6 12. Bd3 Nf5 13. Bxf5 exf5 14. c5 Be6 15. cxb6 Qxb6 16. Nc3 Be7 17. d5 f4 18. exf4 gxf4 19. Bxf4 Bh3 20. g3 Bxf1 21. Rxf1 Nd7 22. dxc6 Qxc6 23. Nd4 Qc4 24. Nf5 Rg4 25. Bxd6 Bd8 26. Bf4 Qxf4 27. Re1+ Ne5 28. Nd5 Qa4 29. Nd6+ Kd7 30. Rxe5 Qxc2 0-1


[Site "https://www.chess.com"]

[Event "Titled Tuesday Blitz January 18 2022"]
[White "Seemann, Jakub"]
[Black "Mokshanov, Alexey"]
[WhiteFideId "21874697"]
[BlackFideId "24121657"]
[WhiteElo "2003"]
[BlackElo "2141"]
[Result "0-1"]
[Round "09"]
[TimeControl "180+1"]
[Date "2022.01.18"]
[WhiteClock "0:00:45"]
[BlackClock "0:00:06"]

1. d4 d5 2. c4 e6 3. Nf3 Nf6 4. g3 dxc4 5. Bg2 a6 6. O-O Nc6 7. Qd2 Rb8 8. Ne5 Nxe5 9. dxe5 Qxd2 10. Nxd2 Nd7 11. Nxc4 b6 12. f4 Bb7 13. Bxb7 Rxb7 14. Bd2 a5 15. Rfd1 Bc5+ 16. Kg2 Ke7 17. Rac1 Rd8 18. Be3 Ra7 19. Bxc5+ Nxc5 20. Rxd8 Kxd8 21. Kf3 Ra8 22. b3 Ke7 23. Ke3 Na6 24. a3 Rd8 25. Nd2 Nc5 26. Rc4 Rd5 27. b4 axb4 28. axb4 Na6 29. Ne4 Rb5 30. Rc1 h6 31. g4 Kd7 32. g5 h5 33. g6 fxg6 34. Rg1 Nxb4 35. Rxg6 Nd5+ 36. Kf2 Nxf4 37. Rxg7+ Kc6 38. Rg5 Rb2 39. Kf3 Nxe2 40. Rxh5 b5 41. Rh6 Kd5 42. Nf6+ Kxe5 43. Ng4+ Kd6 44. Nf2 Nd4+ 45. Ke4 Rxf2 46. Kxd4 c5+ 47. Ke3 Ra2 48. h4 b4 49. Rh8 Rh2 50. h5 Kd5 51. h6 Kc4 52. h7 b3 53. Ke4 Kc3 54. Ke5 b2 55. Rb8 Rxh7 56. Kxe6 Rh4 0-1


[Site "https://www.chess.com"]

[Event "Titled Tuesday Blitz January 18 2022"]
[White "Seo, Jung Min"]
[Black "Yoo, Christopher Woojin"]
[WhiteFideId "1734687"]
[BlackFideId "30909694"]
[WhiteElo "2401"]
[BlackElo "2105"]
[Result "0-1"]
[Round "09"]
[TimeControl "180+1"]
[Date "2022.01.18"]
[WhiteClock "0:00:10"]
[BlackClock "0:00:03"]

1. d4 Nf6 2. c4 e6 3. Nf3 d5 4. Nc3 h6 5. cxd5 exd5 6. Bf4 Bd6 7. Bxd6 Qxd6 8. e3 O-O 9. Qb3 b6 10. Rc1 c5 11. Qa3 Nbd7 12. Bd3 Bb7 13. O-O Qe6 14. b3 Ne4 15. Qb2 Rfc8 16. dxc5 Ndxc5 17. Bb1 Ba6 18. Rfd1 Nxc3 19. Rxc3 Ne4 20. Rxc8+ Rxc8 21. Nd4 Qf6 22. Bxe4 dxe4 23. Qa3 Bd3 24. Qxa7 Rc5 25. Qb8+ Kh7 26. Qf4 Qxf4 27. exf4 Ra5 28. Rd2 Rd5 29. Nc2 Rc5 30. Ne3 f5 31. f3 g5 32. fxg5 f4 33. Nd1 Rc1 34. Kf2 Bc2 35. fxe4 Bxd1 36. gxh6 Kxh6 37. Rd6+ Kg5 38. Rxb6 Rc2+ 39. Ke1 Bg4 40. Kf1 Rc1+ 41. Kf2 Rc2+ 42. Kf1 Rxa2 43. Rb5+ Kf6 44. Rc5 Be2+ 45. Ke1 Bd3 46. Rf5+ Ke6 47. Rxf4 Rxg2 48. Rf2 Rg1+ 49. Kd2 Bxe4 50. Kc3 Ke5 51. Rd2 Rc1+ 52. Kb2 Rb1+ 53. Kc3 Bd5 54. Rb2 Rc1+ 55. Kb4 Kd6 56. Rd2 Rc8 57. Rd3 Rb8+ 58. Ka3 Ke5 59. h3 Rh8 60. Kb2 Be4 61. Rc3 Kd4 62. Rc4+ Ke3 63. Rc3+ Bd3 64. Rc8 Rxc8 0-1


[Site "https://www.chess.com"]

[Event "Titled Tuesday Blitz January 18 2022"]
[White "Shipov, Sergei"]
[Black "Yurovskykh, Oleksandr"]
[WhiteFideId "4113624"]
[BlackFideId "14134020"]
[WhiteElo "2777"]
[BlackElo "2292"]
[Result "0-1"]
[Round "09"]
[TimeControl "180+1"]
[Date "2022.01.18"]
[WhiteClock "0:00:14"]
[BlackClock "0:01:01"]

1. d4 d5 2. c4 dxc4 3. Nf3 Nf6 4. e3 e6 5. Bxc4 c5 6. Qe2 Nc6 7. O-O cxd4 8. exd4 Be7 9. Nc3 O-O 10. Be3 Nb4 11. Ne5 Nbd5 12. Rad1 Bd7 13. f4 Rc8 14. Kh1 Bc6 15. f5 Nxc3 16. bxc3 Bd5 17. fxe6 fxe6 18. Bd2 Bxc4 19. Nxc4 Qd5 20. Ne3 Qe4 21. Rde1 Bd6 22. Qd1 Qh4 23. g3 Bxg3 24. Re2 Ne4 25. Kg1 Rxf1+ 26. Nxf1 Bf2+ 27. Kh1 Qg4 0-1


[Site "https://www.chess.com"]

[Event "Titled Tuesday Blitz January 18 2022"]
[White "Shkapenko, Pavel"]
[Black "Piorun, Kacper"]
[WhiteFideId "4151933"]
[BlackFideId "1130420"]
[WhiteElo "2386"]
[BlackElo "2571"]
[Result "0-1"]
[Round "09"]
[TimeControl "180+1"]
[Date "2022.01.18"]
[WhiteClock "0:00:05"]
[BlackClock "0:00:05"]

1. e4 d5 2. exd5 Qxd5 3. Nf3 Bg4 4. Be2 Nc6 5. d4 O-O-O 6. c4 Qa5+ 7. Bd2 Qh5 8. Be3 e6 9. a3 Nf6 10. Nbd2 e5 11. d5 Nd4 12. Nxd4 exd4 13. Bxd4 Re8 14. Be3 Bc5 15. Nf1 Qh4 16. Qd2 Ne4 17. g3 Qh3 18. Bxg4+ Qxg4 19. Qe2 Qh3 20. O-O-O Qg2 21. Nd2 Bxe3 22. Qxe3 Nxf2 23. Qf3 Qxf3 24. Nxf3 Nxh1 25. Rxh1 Re4 26. b3 Re3 27. Nd4 Rd3 28. Rd1 Rxd1+ 29. Kxd1 Re8 30. Kd2 g6 31. Nf3 h6 32. Kd3 Kd7 33. c5 g5 34. b4 b6 35. Kd4 Re2 36. Ne5+ Ke8 37. Nc6 Rxh2 38. Nxa7 h5 39. Nb5 bxc5+ 40. bxc5 h4 41. gxh4 gxh4 42. Nxc7+ Kd7 43. Nb5 h3 44. c6+ Kd8 45. d6 Rd2+ 46. Kc5 h2 47. d7 h1=Q 48. Nd6 Qd5+ 0-1


[Site "https://www.chess.com"]

[Event "Titled Tuesday Blitz January 18 2022"]
[White "Srihari L R"]
[Black "Sjoberg, Isak"]
[WhiteFideId "46617116"]
[BlackFideId "1521640"]
[WhiteElo "2121"]
[BlackElo "2016"]
[Result "1-0"]
[Round "09"]
[TimeControl "180+1"]
[Date "2022.01.18"]
[WhiteClock "0:01:45"]
[BlackClock "0:01:17"]

1. b3 e5 2. Bb2 Nc6 3. e3 Nf6 4. Nf3 Bd6 5. c4 O-O 6. d3 e4 7. dxe4 Nxe4 8. Nbd2 Nxd2 9. Qxd2 Bb4 10. Bc3 a5 11. Be2 d6 12. O-O Bg4 13. Bxb4 axb4 14. Nd4 Bxe2 15. Nxe2 Ra3 16. Nf4 Qa8 17. Nd5 Qa5 18. Rfb1 Ra8 19. Rb2 h6 20. h3 Ne5 21. Qxb4 Nd3 22. Qxa5 R8xa5 23. Rd2 Rxb3 24. Rad1 1-0


[Site "https://www.chess.com"]

[Event "Titled Tuesday Blitz January 18 2022"]
[White "Svane, Frederik"]
[Black "Jary, Sergey"]
[WhiteFideId "12923044"]
[BlackFideId "14110350"]
[WhiteElo "2459"]
[BlackElo "2260"]
[Result "0-1"]
[Round "09"]
[TimeControl "180+1"]
[Date "2022.01.18"]
[WhiteClock "0:00:13"]
[BlackClock "0:00:10"]

1. e4 c5 2. Nf3 Nc6 3. Bb5 Qc7 4. O-O a6 5. Bxc6 Qxc6 6. d4 cxd4 7. Nxd4 Qc7 8. Nc3 e6 9. Re1 Bd6 10. Qh5 b5 11. a4 b4 12. Nd5 exd5 13. exd5+ Kf8 14. Bg5 h6 15. Bh4 Nf6 16. Qf5 Kg8 17. Bxf6 Bf8 18. Re8 d6 19. Qf4 Bb7 20. Rae1 Qd7 21. Rxa8 Bxa8 22. Nf5 gxf6 23. Re3 Rh7 24. Qg4+ Kh8 25. Rg3 Bg7 26. Qf4 Bf8 27. Nd4 Rg7 28. Qxh6+ Kg8 29. Rxg7+ Bxg7 30. Qh5 Qe7 31. h3 Qe1+ 32. Kh2 Qe4 33. Nf5 Bxd5 34. Qg4 Qxg4 35. hxg4 Be4 36. Nxd6 Bxc2 37. a5 f5 38. gxf5 Bxb2 39. f4 Bf6 40. Ne8 Bd4 41. Nc7 b3 42. Nxa6 b2 43. Nb4 Bxf5 44. Nd5 b1=Q 45. a6 Qe4 46. a7 Qxd5 47. g4 Bxg4 48. Kg3 Bf5 49. Kh4 Qf3 50. a8=Q+ Qxa8 51. Kg5 Kg7 52. Kh4 Bf6+ 53. Kg3 Qa3+ 54. Kf2 Bd4+ 55. Kg2 Be4+ 56. Kh2 Qb2+ 57. Kg3 Qc3+ 58. Kh4 Qd2 59. f5 Qh2+ 60. Kg4 Bd3 61. f6+ Kf8 62. Kf3 Bg6 63. Kg4 Qe2+ 64. Kg5 Qe5+ 65. Kh4 Qh5+ 66. Kg3 Be5+ 67. Kf2 Qh3 68. Ke2 Bd4 69. Kd2 Qd3+ 70. Ke1 Qc2 71. Kf1 Qf2# 0-1


[Site "https://www.chess.com"]

[Event "Titled Tuesday Blitz January 18 2022"]
[White "Swicarz, Maciej"]
[Black "FGHSMN"]
[WhiteFideId "1113585"]
[WhiteElo "2063"]
[BlackElo "2733"]
[Result "1-0"]
[Round "09"]
[TimeControl "180+1"]
[Date "2022.01.18"]
[WhiteClock "0:00:54"]
[BlackClock "0:00:02"]

1. c4 e5 2. Nc3 Nc6 3. Nf3 f5 4. g3 Nf6 5. d4 e4 6. Nh4 d5 7. Bg5 Bb4 8. e3 O-O 9. Qb3 Bxc3+ 10. bxc3 Ne7 11. Bxf6 Rxf6 12. cxd5 Nxd5 13. Bc4 c6 14. Ng2 Be6 15. Qxb7 Rb8 16. Qxa7 Rf7 17. Qa3 Nb4 18. cxb4 Bxc4 19. Qc3 Ba6 20. a4 Qb6 21. Rb1 Bd3 22. Rb2 Qa6 23. Nf4 Bc4 24. h4 h6 25. h5 Kh7 26. Rc2 Bd5 27. b5 Qxa4 28. bxc6 Rb1+ 29. Rc1 Rxc1+ 30. Qxc1 Bxc6 31. O-O Bb5 32. Re1 Qa5 33. Qa1 Qb6 34. Rb1 Qc6 35. Qb2 Qd7 36. Qxb5 Qe7 37. Qd5 Rf6 38. Rb7 Qa3 39. Qd7 Qf8 40. Ng6 Qg8 41. Qe7 Re6 42. Qxe6 Qxe6 43. Nf8+ Kg8 44. Nxe6 1-0


[Site "https://www.chess.com"]